 Dungeon Crawl Stone Soup version 0.22.1-1-ga44c0e5 (webtiles) character file.

2772 MalarOregon the Shield-Bearer (level 9, 0/81 HPs)
             Began as a Minotaur Fighter on Sept 21, 2018.
             Was a Follower of Makhleb.
             Slain by an orc warrior
             ... wielding a +0 glaive
              (13 damage)
             ... on level 7 of the Dungeon.
             The game lasted 00:08:53 (5920 turns).

MalarOregon the Shield-Bearer (Minotaur Fighter)    Turns: 5920, Time: 00:08:54

Health: 0/81       AC:  9    Str: 23    XL:     9   Next: 42%
Magic:  0/8        EV: 11    Int:  5    God:    Makhleb [*.....]
Gold:   407        SH: 11    Dex: 11    Spells: 8/8 levels left

rFire    + . .     SeeInvis .   a - +0 long sword
rCold    + . .     Gourm    .   c - +0 shield
rNeg     . . .     Faith    .   b - +0 scale mail
rPois    .         Spirit   +   (helmet restricted)
rElec    .         Reflect  .   y - scarf {rC+ rF+}
rCorr    +         Harm     .   l - +0 pair of gloves
MR       .....                  (no boots)
Stlth    ..........             B - amulet of guardian spirit
HPRegen  0.23/turn              E - ring of flight
MPRegen  0.11/turn              C - ring of resist corrosion

@: no status effects
A: retaliatory headbutt, horns 2
a: Renounce Religion, Evoke Flight


You were on level 7 of the Dungeon.
You worshipped Makhleb.
Makhleb was aware of your devotion.
You were not hungry.

You visited 1 branch of the dungeon, and saw 7 of its levels.

You collected 407 gold pieces.

Inventory:

Hand Weapons
 a - a +0 long sword (weapon)
 k - a +0 blowgun
   (You took it off a kobold on level 3 of the Dungeon)
Missiles
 j - 4 javelins (quivered)
 v - 38 poisoned needles
Armour
 b - a +0 scale mail (worn)
 c - a +0 shield (worn)
 l - a +0 pair of gloves (worn)
   (You found it on level 2 of the Dungeon)
 y - a scarf of resistance (worn)
   (You found it on level 4 of the Dungeon)
Jewellery
 B - an amulet of guardian spirit (around neck)
   (You found it on level 6 of the Dungeon)
 C - a ring of resist corrosion (right hand)
   (You found it on level 3 of the Dungeon)
 E - a ring of flight (left hand)
   (You found it on level 6 of the Dungeon)
Wands
 t - a wand of flame (25)
   (You found it on level 5 of the Dungeon)
 u - a wand of paralysis (11)
   (You found it on level 7 of the Dungeon)
 G - a wand of clouds (6)
   (You found it on level 7 of the Dungeon)
Scrolls
 g - 2 scrolls of immolation {unknown}
 i - 4 scrolls of teleportation {unknown}
 m - 2 scrolls of magic mapping {unknown}
 n - 3 scrolls of noise {unknown}
 p - 2 scrolls of remove curse {@r2}
 s - 5 scrolls of identify {unknown}
 w - a scroll of enchant armour {unknown}
 x - 2 scrolls of blinking {unknown}
Potions
 d - 2 potions of might
 f - 2 potions of invisibility {unknown}
 h - a potion of degeneration {unknown}
 o - 2 potions of curing {unknown}
 q - 3 potions of flight {unknown}
 r - 2 potions of heal wounds {@q2}
 z - 2 potions of haste {@q3}
 A - a potion of magic {unknown}
 D - a potion of brilliance {unknown}
Comestibles
 e - 10 rations {!d}
 F - 16 chunks of flesh


   Skills:
 + Level 7.8 Fighting
 + Level 7.3 Long Blades
 + Level 7.8 Armour
 + Level 6.2 Dodging
 + Level 7.9 Shields


You had 8 spell levels left.
You didn't know any spells.
Your spell library contained the following spells:

 Spells                   Type           Power        Failure   Level  Hunger
 Animate Skeleton         Necr           N/A          96%         1    ##.....
 Apportation              Tloc           #.....       96%         1    ##.....
 Confusing Touch          Hex            #.....       96%         1    ##.....
 Summon Small Mammal      Summ           #...         96%         1    ##.....


Dungeon Overview and Level Annotations

Branches:
Dungeon (7/15)
 Temple: D:4-7

Altars:
Ashenzari
Cheibriados
Gozag
Makhleb
Nemelex Xobeh
Trog
Wu Jian
Xom


Innate Abilities, Weirdness & Mutations

You reflexively headbutt those who attack you in melee.
You have a pair of horns on your head.


Message History

The gnoll shaman hits you but does no damage.
A leopard gecko comes into view.
The leopard gecko hisses angrily.
You hit the gnoll shaman. You block the gnoll shaman's attack.
An orc comes into view. It is wielding a dagger.
You hit the gnoll shaman.
You headbutt the gnoll shaman, but do no damage.
You block the gnoll shaman's attack.
You slice the gnoll shaman!!
You kill the gnoll shaman!
Makhleb accepts your kill.
An orc priest comes into view. It is wielding a morningstar.
The orc priest shouts!
The orc warrior hits you but does no damage.
Things that are here:
a whip; a robe; a gnoll corpse You barely miss the orc warrior.
You block the orc warrior's attack.
You hit the orc warrior but do no damage.
You completely miss the orc warrior. The orc warrior hits you with a glaive!
* * * LOW HITPOINT WARNING * * *
You block the leopard gecko's attack. The leopard gecko bites you.
* * * LOW HITPOINT WARNING * * *
You closely miss the orc warrior. You headbutt the orc warrior!
The orc warrior hits you with a glaive.
* * * LOW HITPOINT WARNING * * *
The orc hits you but does no damage.
An orc comes into view. It is wielding a dagger.
The leopard gecko closely misses you.
You riposte.
You barely miss the leopard gecko.
The orc shouts!
Your headbutt misses the leopard gecko. You completely miss the orc priest.
You block the orc warrior's attack. You block the orc's attack.
The leopard gecko bites you.
* * * LOW HITPOINT WARNING * * *
The orc priest barely misses you. You furiously retaliate!
You headbutt the orc priest!
You kill the orc priest!
Makhleb accepts your kill.
You hit the orc warrior but do no damage.
The leopard gecko closely misses you. You furiously retaliate!
You headbutt the leopard gecko!
You kill the leopard gecko!
Makhleb accepts your kill. The orc misses you.
The orc throws a tomahawk.
The tomahawk barely misses you. You block the orc warrior's attack.
Unknown command.
You closely miss the orc. The orc hits you but does no damage.
The orc throws a tomahawk.
You block the tomahawk. The orc warrior hits you with a glaive!
You die...

#...................##..
................##..####
...............####.....
................####..##
.........(........###..#
........................
.......†......(..######.
#.....)...........#####.
#.....o@[.............##
##.#.##)o##.............#
##..#.##.###..............
.......o..###.....###.##.#
...........###.....##.## .
.........)...#####.....###
...........).## ####.....
..........)...#########.##
..........).#.........#.##


You could see an orc warrior and 2 orcs.

Vanquished Creatures
  A hippogriff (D:7)
  A sky beast (D:5)
  An ice beast (D:7)
  A black bear (D:7)
  2 ogres
  A big kobold (D:7)
  3 bullfrogs
  A scorpion (D:6)
  5 howler monkeys
  2 crimson imps
  2 bullfrog zombies
  2 bullfrog skeletons (D:5)
  3 hounds
  A jelly (D:6)
  3 centaur skeletons
  3 orc priests
  A gnoll shaman (D:7)
  Crazy Yiuf (D:3)
  Natasha (D:3)
  8 orc wizards
  2 worker ants (D:5)
  A killer bee zombie (D:5)
  A hound zombie (D:7)
  23 gnolls
  8 adders
  An ooze (D:5)
  An adder zombie (D:6)
  3 worms
  2 dart slugs
  8 leopard geckos
  14 orcs
  4 giant cockroaches
  31 goblins
  29 hobgoblins
  14 jackals
  4 quokkas
  A ball python skeleton (D:5)
  11 bats
  7 frilled lizards
  19 kobolds
  A leopard gecko zombie (D:6)
  5 rats
233 creatures vanquished.

Notes
Turn   | Place    | Note
-------+----------+-------------------------------------------
     0 | D:1      | MalarOregon the Minotaur Fighter began the quest for the
                  | Orb.
     0 | D:1      | Reached XP level 1. HP: 19/19 MP: 0/0
   166 | D:1      | Reached XP level 2. HP: 24/27 MP: 1/1
   660 | D:1      | Reached skill level 1 in Dodging
   929 | D:2      | Reached XP level 3. HP: 33/33 MP: 2/2
   946 | D:2      | Reached XP level 4. HP: 19/40 MP: 3/3
  1207 | D:2      | Found a faded altar of an unknown god.
  1741 | D:3      | Found a runed door.
  1801 | D:3      | Noticed an ogre
  1807 | D:3      | Killed an ogre
  1807 | D:3      | Reached XP level 5. HP: 22/47 MP: 4/4
  2046 | D:3      | Reached XP level 6. HP: 41/55 MP: 5/5
  2048 | D:3      | Reached skill level 5 in Shields
  2064 | D:3      | Noticed Natasha
  2069 | D:3      | Killed Natasha
  2069 | D:3      | Reached skill level 5 in Fighting
  2069 | D:3      | Reached skill level 5 in Armour
  2549 | D:3      | Reached XP level 7. HP: 35/61 MP: 6/6
  3139 | D:3      | Noticed Crazy Yiuf
  3144 | D:3      | Killed Crazy Yiuf
  3367 | D:4      | Reached skill level 5 in Long Blades
  3997 | D:5      | Entered Level 5 of the Dungeon
  4072 | D:5      | Found a shattered altar of Ashenzari.
  4072 | D:5      | Found a shimmering altar of Xom.
  4073 | D:5      | Found an opulent altar of Gozag.
  4178 | D:5      | Reached XP level 8. HP: 62/70 MP: 7/7
  4380 | D:5      | Found a bloodstained altar of Trog.
  4725 | D:6      | Found a snail-covered altar of Cheibriados.
  4936 | D:6      | Reached skill level 5 in Dodging
  5309 | D:6      | Found a sparkling altar of Nemelex Xobeh.
  5478 | D:6      | Found a burning altar of Makhleb.
  5628 | D:6      | Became a worshipper of Makhleb the Destroyer
  5791 | D:7      | Reached XP level 9. HP: 75/79 MP: 8/8
  5808 | D:7      | Found an ornate altar of the Wu Jian Council.
  5879 | D:7      | Reached * piety under Makhleb
  5920 | D:7      | Slain by an orc warrior

Skill      XL: |  1  2  3  4  5  6  7  8  9 |
---------------+----------------------------+-----
Dodging        | 1 2 3 4 5 6 |  6.2
Fighting       | 4 5 6 7 |  7.8
Armour         | 4 5 6 7 |  7.8
Shields        | 4 5 6 7 |  7.9
Long Blades    | 3 4 5 6 7 |  7.3

Action                   |  1- 3 |  4- 6 |  7- 9 || total
-------------------------+-------+-------+-------++-------
Melee: Long sword        |    69 |   217 |   354 ||   640
       Headbutt          |    11 |    32 |    80 ||   123
Throw: Javelin           |       |     3 |       ||     3
  Use: Scroll            |       |       |     1 ||     1
  Eat: Chunk             |       |     6 |    11 ||    17
Armor: Scale mail        |    41 |   123 |   155 ||   319
Dodge: Dodged            |    19 |   118 |   137 ||   274
Block: Shield            |    34 |   190 |   228 ||   452
       Rpst.: Long sword |     5 |    32 |    28 ||    65
